 Dungeon Crawl Stone Soup version 0.20.0-8-g6b59dc7 (webtiles) character file.

56 Inarius the Stinger (level 3, -5/26 HPs)
             Began as a Draconian Venom Mage on May 30, 2017.
             Slain by a gnoll
             ... wielding a +0 halberd
              (11 damage)
             ... on level 2 of the Dungeon.
             The game lasted 00:03:59 (1593 turns).

Inarius the Stinger (Draconian Venom Mage)          Turns: 1593, Time: 00:03:59

Health: -5/26      AC:  5    Str: 10    XL:     3   Next: 71%
Magic:  4/6        EV: 12    Int: 16    God:
Gold:   30         SH:  5    Dex: 11    Spells: 3/6 levels left

rFire    . . .     SeeInvis .   e - +0 short sword
rCold    . . .     Gourm    .   (no shield)
rNeg     . . .     Faith    .   (armour unavailable)
rPois    .         Spirit   .   (helmet restricted)
rElec    .         Reflect  +   (no cloak)
rCorr    .         Harm     .   (no gloves)
MR       .....                  (no boots)
Stlth    ++........             j - +5 amulet of reflection
Regen    0.1/turn               (no ring)
MPRegen  0.1/turn               (no ring)

@: very slightly contaminated
A: unfitting armour, cold-blooded, AC +5
a: no special abilities


You were on level 2 of the Dungeon.
You were not hungry.

You visited 1 branch of the dungeon, and saw 2 of its levels.

You collected 30 gold pieces.

Inventory:

Hand Weapons
 e - a +0 short sword (weapon)
Missiles
 c - 17 stones (quivered)
Jewellery
 j - a +5 amulet of reflection (around neck)
Potions
 f - a potion of mutation {unknown}
 g - a potion of curing {unknown}
 i - a potion of agility {unknown}
Books
 a - a Young Poisoner's Handbook

   Spells                             Type                      Level
   a - Sting                          Conjuration/Poison           1
   b - Poisonous Vapours              Poison/Air                   2
   c - Mephitic Cloud                 Conjuration/Poison/Air       3
   d - Olgreb's Toxic Radiance        Poison                       4
   e - Venom Bolt                     Conjuration/Poison           5
Comestibles
 b - 4 bread rations
 d - 2 chunks of flesh
 h - 2 fruits


   Skills:
 * Level 2.2 Dodging
 - Level 1.9 Stealth
 - Level 0.4 Unarmed Combat
 + Level 2.3 Spellcasting
 * Level 1.6 Conjurations
 + Level 3.7 Poison Magic


You had 3 spell levels left.
You knew the following spells:

 Your Spells              Type           Power        Failure   Level  Hunger
a - Sting                 Conj/Pois      ##..         7%          1    #......
b - Poisonous Vapours     Pois/Air       #.....       14%         2    ###....


Dungeon Overview and Level Annotations

Branches:
Dungeon (2/15)

Altars:


Innate Abilities, Weirdness & Mutations

Your plain brown scales are hard. (AC +5)
You cannot fit into any form of body armour.
You are cold-blooded and may be slowed by cold attacks.


Message History

Magic restored.
You start resting.
HP restored.
There is a stone staircase leading down here.
You climb downwards.
You block the gnoll's attack. The gnoll hits you but does no damage.
The gnoll hits you with a whip.
There is a stone staircase leading up here.
Casting: Poisonous Vapours
Confirm with . or Enter, or press ? or * to list all spells.
Aiming: Poisonous Vapours
Press: ? - help, Dir - move target cursor, f - gnoll
Aim: a gnoll, wielding a halberd You miscast Poisonous Vapours.
You are very lightly contaminated with residual magic.
You feel weak for a moment. The gnoll hits you with a halberd!
Ouch! That really hurt!
The gnoll hits you with a whip.
* * * LOW HITPOINT WARNING * * *
The gnoll hits you with a halberd!
You die...

.. .#.. ... .....
.... .... ##..###
....# #...... ..#
......g###..#
#..@#...#
###g†.#.#
.#####..##[#####.#
...........^......
######...#.#####.
#.#.#.##
#..#....##
#..####.g.# #..#
#.#.######


You could see 2 gnolls.

Vanquished Creatures
  2 gnolls
  2 oozes (D:1)
  A leopard gecko (D:1)
  2 giant cockroaches (D:1)
  7 hobgoblins (D:1)
  3 jackals (D:2)
  3 bats
  2 frilled lizards (D:1)
  3 goblins (D:1)
  A kobold (D:1)
  A rat (D:1)
27 creatures vanquished.

Notes
Turn   | Place    | Note
-------+----------+-------------------------------------------
     0 | D:1      | Inarius the Draconian Venom Mage began the quest for the Orb.
     0 | D:1      | Reached XP level 1. HP: 14/14 MP: 3/3
   477 | D:1      | Reached XP level 2. HP: 20/20 MP: 1/5
   706 | D:1      | Learned a level 2 spell: Poisonous Vapours
  1039 | D:1      | Reached XP level 3. HP: 21/26 MP: 1/6
  1593 | D:2      | Slain by a gnoll

Skill      XL: |  1  2 |
---------------+-------+-----
Dodging        | 2 |  2.2
Stealth        | |  1.9
Unarmed Combat | |  0.4
Spellcasting   | |  2.3
Conjurations   | |  1.6
Poison Magic   | |  3.7

Action                   || total
-------------------------++-------
Melee: Unarmed           ||    19
       Short sword       ||    32
       Tailslap          ||     3
 Cast: Sting             ||    33
       Poisonous Vapours ||     3
  Eat: Chunk             ||     3
Armor: Skin              ||    19
Dodge: Dodged            ||    39
Block: Other             ||     7
